 Dungeon Crawl Stone Soup version 0.30.0-5-g1a98f26d00 (webtiles) character file.

Game seed: 17171962628823507830

64 Pimp the Firebug (level 3, -1/24 HPs)
             Began as a Demonspawn Fire Elementalist on May 8, 2023.
             Slain by a gnoll
             ... wielding a +0 flail
              (9 damage)
             ... on level 1 of the Dungeon.
             The game lasted 00:05:41 (1160 turns).

Pimp the Firebug (Demonspawn Fire Elementalist)     Turns: 1160, Time: 00:05:41

Health: -1/24      AC:  4    Str:  8    XL:     3   Next: 91%
Magic:  1/6        EV: 12    Int: 24    God:
Gold:   28         SH:  4    Dex: 13    Spells: 3/6 levels left

rFire   . . .        e - +0 sling
rCold   . . .        (no shield)
rNeg    . . .        a - +0 robe
rPois   .            (no helmet)
rElec   .            (no cloak)
rCorr   .            (no gloves)
SInv    .            (no boots)
Will    .....        (no amulet)
Stlth   ++           j - +6 ring of intelligence
HPRegen 0.24/turn    (no ring)
MPRegen 0.10/turn

%: no passive effects
@: no status effects
A: icy blue scales 1, condensation shield
a: no special abilities


You were on level 1 of the Dungeon.
You visited 1 branch of the dungeon, and saw 2 of its levels.

You collected 28 gold pieces.

Inventory:

Hand Weapons
 e - a +0 sling (weapon)
Armour
 a - a +0 robe (worn)
 d - a +2 buckler
Jewellery
 j - a +6 ring of intelligence (left hand)
Scrolls
 f - a scroll of noise {unknown}
Potions
 b - a potion of magic
 c - 2 potions of curing
 g - a potion of attraction
 h - a potion of might {unknown}


   Skills:
 + Level 2.3 Dodging
 + Level 2.4 Stealth
 + Level 2.4 Spellcasting
 + Level 1.8 Conjurations
 + Level 3.1 Fire Magic


You had 3 spell levels left.
You knew the following spells:

 Your Spells              Type           Power      Damage    Failure   Level
a - Foxfire               Conj/Fire      56%        2x1d6     4%          1
b - Scorch                Fire           36%        2d6       4%          2

Your spell library contained the following spells:

 Spells                   Type           Power      Damage    Failure   Level
 Apportation              Tloc           4%         N/A       12%         1
 Momentum Strike          Conj/Tloc      14%        3d8       12%         2
 Inner Flame              Hex/Fire       10%        N/A       19%         3
 Volatile Blastmotes      Fire/Tloc      20%        2d11      19%         3
 Flame Wave               Conj/Fire      14%        2d6       38%         4
 Olgreb's Toxic Radiance  Pois           2%         N/A       75%         4


Dungeon Overview and Level Annotations

Branches:
Dungeon (2/15)

Altars:


Innate Abilities, Weirdness & Mutations

You are partially covered in icy blue scales. (AC +2)
A meltable shield of frost defends you. (SH +4)


Message History

Casting: Foxfire (safe; 4% risk of failure)
Confirm with . or Enter, or press ? or * to list all spells.
You don't know that spell.
Casting: Foxfire (safe; 4% risk of failure)
Confirm with . or Enter, or press ? or * to list all spells.
You miscast Scorch.
You are very lightly contaminated with residual magic.
Nothing appears to happen.
The gnoll hits you with a +0 flail. The gnoll attacks as you move away!
You block the gnoll's attack.
Casting: Scorch (safe; 4% risk of failure)
Confirm with . or Enter, or press ? or * to list all spells.
Flames lash the gnoll.
The gnoll is almost dead.
The gnoll's fire resistance burns away.
The gnoll closely misses you.
Casting: Scorch (safe; 4% risk of failure)
Confirm with . or Enter, or press ? or * to list all spells.
Flames lash the gnoll.
The gnoll is burned terribly!
You kill the gnoll!
You block the gnoll's attack.
Unknown command.
Casting: Scorch (safe; 4% risk of failure)
Confirm with . or Enter, or press ? or * to list all spells.
You don't have enough magic to cast this spell.
You shoot a sling bullet. The sling bullet hits the gnoll.
The gnoll is moderately wounded.
The gnoll closely misses you.
You shoot a sling bullet.
The sling bullet barely misses the gnoll.
The gnoll hits you with a +0 flail.
Your magical contamination has completely faded away.
You shoot a sling bullet. The sling bullet hits the gnoll.
The gnoll is heavily wounded.
The gnoll closely misses you. x2
You shoot a sling bullet.
The sling bullet barely misses the gnoll.
The gnoll completely misses you.
You shoot a sling bullet. The sling bullet hits the gnoll.
The gnoll is severely wounded.
The gnoll hits you with a +0 flail! x2
You die...

#..# #..# #.# #.. #..# #..#####
#.# ##. #..#
######......#####.# #.
#..###....(.(.......##.# #.
#.......###.#..........##### #.
#.#......##...##...........###.
#....#...##.####.#####.##...##.
##....#...##>####.# #.#..#..#.
#...........).g@..# #...###...
#............####.# #.#..#..##
#..(..)..##### #.#####.##...##
###...#>.# #.......###.##
#...#..# ###.##.## #.#
##...#..## #.##.# #.#
#..#.....# #.##.####.#
#........#########........†#
#.....................######


You could see a gnoll.

Vanquished Creatures
  3 gnolls (D:1)
  A dart slug (D:1)
  3 ball pythons (D:1)
  4 endoplasms (D:1)
  A giant cockroach (D:1)
  4 goblins (D:1)
  2 hobgoblins (D:1)
  A quokka (D:1)
  4 frilled lizards (D:1)
  7 kobolds
  2 rats (D:1)
32 creatures vanquished.

Vanquished Creatures (others)
  38 foxfires
38 creatures vanquished.

Grand Total: 70 creatures vanquished

Notes
Turn   | Place    | Note
-------+----------+-------------------------------------------
     0 | D:1      | Pimp the Demonspawn Fire Elementalist began the quest for
                  | the Orb.
     0 | D:1      | Reached XP level 1. HP: 13/13 MP: 3/3
   226 | D:1      | Gained mutation: You are partially covered in icy blue
                  | scales. (AC +2) [demonic ancestry]
   226 | D:1      | Reached XP level 2. HP: 19/19 MP: 5/5
   476 | D:1      | Learned a level 2 spell: Scorch
   512 | D:1      | Got Sif Muna's Tome of Moving Degeneration
   533 | D:1      | Reached skill level 3 in Fire Magic
   533 | D:1      | Gained mutation: A meltable shield of frost defends you.
                  | (SH +4) [demonic ancestry]
   533 | D:1      | Reached XP level 3. HP: 12/24 MP: 3/6
  1160 | D:1      | Slain by a gnoll

Illustrated notes

Levels and vault maps discovered:
D:1:      roderic_crossed_star, layout_loops_ring
D:2:      layout_loops_cross, basic_altar, serial_shops, shop, corner_web_ring,
          uniq_crazy_yiuf_cottage

Skill      XL: |  1  2 |
---------------+-------+-----
Stealth        | 2 |  2.4
Dodging        | 2 |  2.3
Fire Magic     | 3 |  3.1
Spellcasting   | |  2.4
Conjurations   | |  1.8

Action                     || total
---------------------------++-------
   Fire: Sling             ||    55
   Cast: Foxfire           ||    28
         Scorch            ||     6
    Use: Scroll            ||     3
 Armour: Robe              ||     5
  Dodge: Dodged            ||    40
  Block: Other             ||     4
